 Dungeon Crawl Stone Soup version 0.30.0-5-g1a98f26d00 (webtiles) character file.

Game seed: 8934614066306314665

646 sasquatch the Shooter (level 7, -3/51 HPs)
             Began as a Merfolk Hunter on May 9, 2023.
             Slain by a sleepcap (15 damage)
             ... on level 5 of the Dungeon.
             The game lasted 00:07:08 (3257 turns).

sasquatch the Shooter (Merfolk Hunter)              Turns: 3257, Time: 00:07:09

Health: -3/51      AC:  5    Str: 11    XL:     7   Next: 52%
Magic:  7/7        EV:  2    Int:  8    God:
Gold:   298        SH:  0    Dex: 20    Spells: 6/6 levels left

rFire   . . .        b - +0 rapier
rCold   . . .        (no shield)
rNeg    . . .        y - +0 ring mail
rPois   .            (no helmet)
rElec   .            (no cloak)
rCorr   .            (no gloves)
SInv    .            (no boots)
Will    .....        (no amulet)
Stlth   ++           (no ring)
HPRegen 0.28/turn    (no ring)
MPRegen 0.10/turn

%: no passive effects
@: sleeping
A: (nimble swimmer 2), mertail
a: no special abilities


You were on level 5 of the Dungeon.
You visited 1 branch of the dungeon, and saw 5 of its levels.

You collected 298 gold pieces.

Inventory:

Hand Weapons
 a - a +0 shortbow
 b - a +0 rapier (weapon)
 p - a +2 short sword of holy wrath
 q - a +2 sling of freezing
Missiles
 h - 11 poisoned darts
Armour
 y - a +0 ring mail (worn)
Wands
 r - a wand of mindburst (11)
Scrolls
 e - 2 scrolls of immolation
 f - 4 scrolls of teleportation
 i - 2 scrolls of noise {unknown}
 l - a scroll of poison {unknown}
 m - a scroll of enchant armour {unknown}
 n - 3 scrolls of vulnerability
 s - a scroll of amnesia {unknown}
 t - a scroll of summoning {unknown}
 u - a scroll of fog {unknown}
 v - a scroll of enchant weapon {unknown}
Potions
 d - 2 potions of lignification {unknown}
 g - 2 potions of flight
 j - a potion of cancellation
 k - a potion of curing
 o - 2 potions of might {unknown}
 w - a potion of brilliance {unknown}
 x - a potion of haste {unknown}


   Skills:
 - Level 2.4 Fighting
 + Level 5.7 Short Blades
 + Level 5.9 Ranged Weapons
 - Level 3.0 Dodging
 - Level 1.5 Stealth


You had 6 spell levels left.
You didn't know any spells.
Your spell library contained the following spells:

 Spells                   Type           Power      Damage    Failure   Level
 Vhi's Electric Charge    Tloc/Air       0%         N/A       97%         3
 Arcjolt                  Conj/Air       0%         1d10      100%        5
 Maxwell's Capacitive Co  Air            0%         ∞         100%        8


Dungeon Overview and Level Annotations

Branches:
Dungeon (5/15)
 Temple: D:4-7

Altars:

Shops:
D:1 :


Innate Abilities, Weirdness & Mutations

((You are very nimble when in or above water. (Stealth+, EV+, Speed+++)))
Your lower body shifts to a powerful aquatic tail in water.


Message History

You see here a hound corpse.
You hit the sleepcap.
You punch the sleepcap, but do no damage.
The sleepcap is moderately damaged.
The sleepcap releases spores at you.
You are engulfed in a cloud of soporific spores!
You fall asleep.
The sleepcap releases spores at you!
You wake up.
* * * LOW HITPOINT WARNING * * *
You are engulfed in a cloud of soporific spores!
You are unaffected.
You hit the sleepcap.
The sleepcap is heavily damaged.
The sleepcap closely misses you.
Unknown command.
You hit the sleepcap.
The sleepcap is severely damaged.
The sleepcap releases spores at you but does no damage.
You hit the sleepcap but do no damage.
The sleepcap is severely damaged.
The sleepcap closely misses you.
Unknown command.
You hit the sleepcap but do no damage.
The sleepcap is severely damaged.
The sleepcap barely misses you.
You hit the sleepcap.
The sleepcap is severely damaged.
The sleepcap misses you.
You hit the sleepcap.
The sleepcap is severely damaged.
The sleepcap barely misses you.
Unknown command.
You hit the sleepcap.
The sleepcap is almost destroyed.
The sleepcap releases spores at you.
* * * LOW HITPOINT WARNING * * *
You are engulfed in a cloud of soporific spores!
You fall asleep.
The sleepcap releases spores at you!
You die...

#. .# .# . ### #.#
..#..# ..# #. ......#
..###.. #......##...#..#
##. ..# #f@.......# ..#
#.# ###.......# .. #.#
#.......# #.## #.##
#.)...... #..#
##..####.....###
#..###.....#.......#
.#####..#..#...).))....#
..........##...........#
......<...........##...#


You could see a sleepcap.

Vanquished Creatures
  Sigmund (D:4)
  A phantom (D:4)
  3 hounds
  An orc priest (D:4)
  3 iguanas
  An orc wizard (D:5)
  9 adders
  2 worms
  2 dart slugs
  9 orcs
  4 bats
  6 endoplasms
  4 giant cockroaches
  7 hobgoblins
  8 kobolds
  6 quokkas
  7 ball pythons
  2 frilled lizards
  18 goblins
  7 rats (D:1)
101 creatures vanquished.

Notes
Turn   | Place    | Note
-------+----------+-------------------------------------------
     0 | D:1      | sasquatch the Merfolk Hunter began the quest for the Orb.
     0 | D:1      | Reached XP level 1. HP: 16/16 MP: 1/1
   224 | D:1      | Reached XP level 2. HP: 23/23 MP: 2/2
   347 | D:1      | Found Kyliasy's Vocational Training.
   575 | D:1      | Found a faded altar of an unknown god.
   880 | D:1      | Reached XP level 3. HP: 25/28 MP: 3/3
  1034 | D:2      | Reached XP level 4. HP: 28/34 MP: 4/4
  1074 | D:2      | Reached skill level 1 in Short Blades
  1882 | D:3      | Reached XP level 5. HP: 38/39 MP: 5/5
  2218 | D:4      | Noticed Sigmund
  2480 | D:4      | Killed Sigmund
  2481 | D:4      | Reached skill level 5 in Ranged Weapons
  2481 | D:4      | Reached XP level 6. HP: 46/46 MP: 6/6
  2746 | D:4      | Reached XP level 7. HP: 22/51 MP: 7/7
  2757 | D:4      | Reached skill level 5 in Short Blades
  3136 | D:5      | Entered Level 5 of the Dungeon
  3257 | D:5      | Slain by a sleepcap

Illustrated notes

Levels and vault maps discovered:
D:1:      dpeg_arrival_ratfight, layout_loops_ring,
          shapermc_ecumenical_altar_ellora, nicolae_shop_vocational
D:2:      layout_basic
D:3:      layout_basic, guppyfry_early_orc_mine
D:4:      minmay_spotlight, layout_rooms, uniq_sigmund
D:5:      layout_layer_cave, uniq_ijyb, uniq_menkaure, uniq_crazy_yiuf_cottage

Skill      XL: |  1  2  3  4  5  6  7 |
---------------+----------------------+-----
Dodging        | 3 |  3.0
Ranged Weapons | 4 5 |  5.9
Short Blades   | 2 4 5 |  5.7
Fighting       | |  2.4
Stealth        | |  1.5

Action                     |  1- 3 |  4- 6 |  7- 9 || total
---------------------------+-------+-------+-------++-------
  Melee: Rapier            |     2 |    28 |    38 ||    68
         Punch             |       |     1 |     2 ||     3
   Fire: Shortbow          |    87 |   127 |    34 ||   248
         Sling             |       |    10 |       ||    10
  Evoke: Wand              |       |     4 |       ||     4
    Use: Scroll            |       |     5 |       ||     5
         Potion            |       |     1 |       ||     1
 Armour: Leather armour    |    11 |    19 |     4 ||    34
         Ring mail         |       |       |    16 ||    16
  Dodge: Dodged            |    28 |    56 |    23 ||   107
